Map: Flashback EE

Players

EXODIUS

  • Race: Protoss Protoss
  • Spawn Location: 7:00

DorthVordar

  • Race: Zerg Zerg
  • League: Silver
  • Spawn Location: 7:00

Wettrain

  • Race: Terran Terran
  • Spawn Location: 7:00

TATORREA

  • Race: Protoss Protoss
  • League: Gold
  • Spawn Location: 11:00

tigro

  • Race: Terran Terran
  • League: Bronze
  • Spawn Location: 9:00

MrFercho

  • Race: Zerg Zerg
  • League: Silver
  • Spawn Location: 11:00

VOD

Have the link to the VOD?

Description

Time

  • Played on: June 30, 2020, 9:13 p.m.
  • Length: 8:04
Show
View Real Time Build Order
Export as new Build Order

EXODIUS Protoss 

Build Orders:  

Get SALT Encoding   

  12  0:01  Probe  
  13  0:15  Pylon  
  13  0:19  Probe  
  14  0:36  Forge  
  14  0:49  Gateway  
  14  0:56  Pylon  
  14  1:17  Pylon  
  14  1:38  Pylon  
  14  1:58  Photon Cannon  
  14  2:11  Photon Cannon  
  14  2:12  Pylon  
  14  2:25  Pylon  
  14  2:46  Photon Cannon  
  14  2:48  Photon Cannon  
  14  2:49  Photon Cannon  
  14  2:51  Pylon  
  13  3:29  Gateway  
  13  3:31  Gateway  
  13  3:54  Cybernetics Core  
  13  4:12  Zealot  
  15  4:18  Assimilator, Probe  
  15  4:20  Assimilator  
  15  4:22  Nexus  
  16  4:24  Warp Gate  
  16  4:49  Stalker  
  16  4:50  Zealot x2  
  22  4:54  Probe  
  23  5:06  Probe  
  24  5:16  Pylon  
  24  5:32  Probe  
  25  5:37  Probe  
  25  5:40  Protoss Ground Weapons Level 1  
  26  5:44  Probe  
  27  5:53  Probe  
  28  6:03  Probe  
  29  6:05  Probe  
  30  6:17  Probe  
  29  6:29  Probe  
  28  6:41  Probe  
  27  6:51  Probe  
  27  6:53  Probe  
  29  7:03  Stalker x3, Probe  
  29  7:05  Probe  
  37  7:11  Pylon  
  37  7:14  Assimilator  
  37  7:16  Pylon  
  37  7:18  Assimilator  
  37  7:27  Stargate  
  37  7:37  Stalker  
  37  7:39  Stalker  
  37  7:43  Probe  
  42  7:49  Probe  
Show
View Real Time Build Order
Export as new Build Order

DorthVordar Zerg 

Build Orders: Hatch First 

Get SALT Encoding   

  12  0:02  Drone  
  13  0:16  Overlord  
  13  0:17  Drone  
  14  0:25  Overlord  
  14  0:35  Drone  
  15  0:41  Drone  
  16  0:50  Drone  
  17  1:06  Hatchery  
  16  1:19  Drone x2  
  16  1:20  Spawning Pool  
  16  1:24  Drone  
  18  1:32  Extractor  
  18  1:33  Drone  
  18  1:47  Overlord  
  18  1:57  Drone  
  19  2:05  Drone  
  19  2:07  Extractor, Queen  
  21  2:19  Queen  
  21  2:20  Drone  
  24  2:24  Drone  
  25  2:33  Drone x2  
  27  2:38  Drone  
  28  2:46  Lair  
  28  2:50  Drone  
  29  2:54  Queen  
  31  3:11  Drone  
  32  3:14  Drone  
  32  3:16  Drone  
  32  3:17  Hatchery  
  32  3:19  Drone  
  34  3:26  Drone x2  
  36  3:28  Drone  
  36  3:31  Drone  
  38  3:35  Drone  
  39  3:42  Drone  
  39  3:43  Drone x2  
  42  3:51  Drone  
  42  3:52  Drone  
  42  3:53  Overlord  
  44  3:56  Overlord  
  44  3:59  Overlord  
  44  4:12  Zergling x12  
  44  4:16  Zergling x2  
  51  4:17  Zergling x2  
  52  4:25  Roach Warren  
  52  4:28  Zergling x2  
  52  4:29  Zergling x6  
  55  4:32  Zergling x2  
  55  4:33  Zergling x4  
  55  4:34  Zergling x2  
  55  4:35  Zergling x2  
  60  4:42  Zergling x4  
  60  4:45  Zergling x2  
  62  5:04  Zergling x2  
  62  5:05  Zergling x14  
  69  5:10  Zergling x2  
  69  5:13  Zergling x2  
  70  5:21  Roach  
  70  5:23  Overlord x4  
  73  5:28  Zergling x2  
  73  5:31  Overlord  
  73  5:43  Roach x5  
  73  5:46  Roach x2  
  87  5:53  Roach  
  91  5:57  Roach x2  
  92  6:05  Roach x3  
  97  6:14  Roach x3  
  95  6:39  Roach x5  
  111  6:40  Roach x3  
  111  6:44  Glial Reconstitution  
  110  7:00  Overlord  
  110  7:01  Overlord x2  
  110  7:02  Roach  
  112  7:21  Roach  
  112  7:22  Roach x8  
  128  7:30  Roach  
  128  7:31  Roach x4  
  128  7:34  Overlord  
  138  7:43  Roach x2  
  138  7:44  Overlord x4  
Show
View Real Time Build Order
Export as new Build Order

Wettrain Terran 

Build Orders: Reaper Expand 

Get SALT Encoding   

  12  0:01  SCV  
  13  0:13  SCV  
  14  0:19  Supply Depot  
  14  0:25  SCV  
  15  0:41  SCV  
  15  0:42  Barracks  
  16  0:52  Refinery  
  16  0:53  SCV  
  17  1:05  SCV  
  18  1:17  SCV  
  19  1:29  Orbital Command  
  19  1:44  Reaper  
  19  1:46  Command Center  
  20  1:59  Barracks  
  20  2:01  SCV  
  21  2:11  Supply Depot  
  21  2:25  Barracks Tech Lab  
  21  2:39  SCV  
  21  2:40  Refinery  
  22  2:51  SCV  
  23  3:27  Marine x2  
  23  3:29  SCV  
  25  3:36  Factory, SCV  
  25  3:40  Stimpack  
  26  3:41  SCV  
  26  3:44  Marine  
  26  3:45  Marine  
  29  3:48  SCV  
  29  3:53  SCV  
  31  4:00  SCV  
  31  4:02  Marine x2  
  32  4:05  Supply Depot  
  32  4:06  SCV  
  32  4:07  Supply Depot x2  
  35  4:12  SCV  
  36  4:18  SCV  
  36  4:20  Marine x2  
  39  4:24  Factory Tech Lab, SCV  
  39  4:30  SCV  
  39  4:31  Starport  
  41  4:37  SCV  
  41  4:38  Marine x2, Refinery  
  42  4:42  SCV  
  45  4:47  Refinery  
  45  4:49  SCV  
  46  4:54  SCV  
  46  4:55  Siege Tank  
  46  4:56  Marine x2  
  52  5:05  Engineering Bay  
  52  5:06  SCV  
  53  5:12  Supply Depot  
  53  5:14  Supply Depot, Marine x2  
  54  5:18  SCV  
  54  5:20  Combat Shield  
  55  5:26  Starport Reactor  
  55  5:28  SCV  
  56  5:29  Siege Tank  
  56  5:30  SCV  
  56  5:31  Marine  
  56  5:32  Marine  
  62  5:39  Barracks  
  62  5:40  Barracks, SCV  
  58  5:49  Marine x2  
  58  6:03  Missile Turret  
  58  6:04  Missile Turret  
  58  6:05  Missile Turret x2, SCV  
  58  6:08  Missile Turret, Cyclone  
  58  6:10  Medivac  
  64  6:13  Marine x2  
  64  6:17  SCV  
  67  6:23  Missile Turret  
  67  6:27  Missile Turret  
  67  6:34  Barracks Tech Lab  
  67  6:35  Barracks Reactor  
  67  6:39  Concussive Shells  
  67  6:54  Barracks Reactor  
  67  7:07  Cyclone  
  70  7:08  Command Center  
  70  7:09  Marine  
  70  7:10  Marine, Starport  
  70  7:11  Starport  
  72  7:22  Marine x2  
  74  7:26  Medivac  
  74  7:27  Marine x2  
  78  7:34  SCV  
  78  7:35  Fusion Core  
  79  7:40  Marine x2  
Show
View Real Time Build Order
Export as new Build Order

TATORREA Protoss 

Build Orders:  

Get SALT Encoding   

  12  0:01  Probe  
  13  0:13  Probe  
  14  0:25  Probe  
  15  0:29  Pylon  
  15  0:47  Probe  
  15  0:49  Gateway  
  16  1:03  Probe  
  17  1:11  Probe  
  18  1:19  Probe  
  19  1:32  Gateway  
  19  1:41  Cybernetics Core  
  19  1:45  Pylon  
  19  1:56  Probe  
  19  2:00  Assimilator  
  20  2:12  Nexus  
  20  2:17  Pylon  
  20  2:30  Probe  
  20  2:42  Probe  
  21  2:54  Probe  
  2  3:27  Probe  
  4  3:50  Probe  
  5  3:59  Stalker  
  5  4:00  Zealot  
  5  4:02  Probe  
  9  4:14  Probe  
  10  4:23  Probe  
  11  4:31  Probe  
  12  4:41  Probe  
  13  4:49  Probe  
  13  4:57  Probe  
  14  5:04  Zealot  
Show
View Real Time Build Order
Export as new Build Order

tigro Terran 

Build Orders:  

Get SALT Encoding   

  12  0:04  SCV  
  13  0:16  SCV  
  14  0:26  Supply Depot  
  14  0:28  SCV  
  15  0:39  Refinery  
  15  0:48  SCV  
  16  1:00  Barracks  
  16  1:48  Barracks  
  16  2:01  Refinery  
  16  2:08  Marine  
  17  2:26  Marine  
  17  2:39  Barracks Reactor  
  13  2:44  Marine  
  6  3:02  Marine, SCV  
  5  3:14  SCV  
  5  3:19  Marine  
  5  3:26  SCV  
  6  3:27  Marine  
  6  3:28  Marine  
  7  3:37  Marine  
  9  3:45  Marine  
  9  3:46  Marine  
  9  4:06  Marine  
  9  4:09  Marine  
  8  4:11  Marine  
  8  4:24  Marine  
  6  4:26  Marine  
  8  4:37  Marine  
  8  4:42  Marine  
  7  4:54  Marine  
  4  6:27  Command Center  
  4  7:13  Barracks Tech Lab  
  4  7:26  Factory  
  4  7:41  Refinery  
  4  7:44  SCV  
Show
View Real Time Build Order
Export as new Build Order

MrFercho Zerg 

Build Orders: Hatch First 

Get SALT Encoding   

  12  0:04  Drone  
  13  0:19  Overlord  
  13  0:28  Drone  
  14  0:37  Drone x2  
  16  0:54  Hatchery  
  15  1:06  Drone x2  
  15  1:07  Drone  
  18  1:22  Drone  
  19  1:35  Drone  
  20  1:41  Drone  
  21  1:56  Extractor  
  20  2:05  Overlord x2  
  20  2:25  Spawning Pool  
  20  2:28  Drone x3  
  20  2:29  Drone  
  23  2:45  Drone x4  
  27  2:51  Extractor  
  27  3:27  Zergling x12  
  31  3:39  Drone x2  
  33  3:42  Queen x2  
  37  4:18  Zergling x2  
  37  4:19  Zergling x10  
  43  4:37  Hatchery, Metabolic Boost  
  42  4:56  Zergling x4  
  42  4:57  Overlord x2  
  42  4:58  Overlord  
  37  5:18  Zergling x10  
  40  5:35  Zergling x6  
  41  5:36  Zergling x2  
  43  6:08  Drone x2  
  43  6:09  Drone x6  
  43  6:10  Drone x2  
  46  6:20  Drone  
  46  6:27  Zergling x2  
  46  6:28  Zergling x10  
  48  6:48  Lair  
  48  6:52  Zergling x10  
  51  7:05  Drone  
  51  7:06  Drone x5  
  57  7:09  Extractor  
  57  7:11  Extractor  
Tags
 
Add a new tag
Caveats
  • Supply blocks, unpowered buildings, or Contaminate may cause inaccurate times.
  • Supply counts are checked every 10 seconds.